 Dungeon Crawl Stone Soup version 0.14-a0-1863-gcc20582 (webtiles) character file.

60360 Deemzul the Severer (level 14, -4/108 (110) HPs)
             Began as a Demonspawn Fighter on Jan 13, 2014.
             Was a Priest of Cheibriados.
             Slain by Kirke (8 damage)
             ... on Level 2 of the Swamp on Jan 14, 2014.
             The game lasted 01:28:23 (27522 turns).

Deemzul the Severer (Demonspawn Fighter)           Turns: 27522, Time: 01:28:23

HP  -4/108 (110) AC  1     Str 30      XL: 14   Next: 50%
MP  17/27        EV 18     Int 21      God: Cheibriados [***...]
Gold 1530        SH  0     Dex 27      Spells:  0 memorised, 13 levels left

rFire  . . .     SeeInvis .     L - melded +3 broad axe (chop)
rCold  . . .     Clarity  +     c - melded +0 plate armour
rNeg   . . .     Conserve .     s - melded +0 elf shield
rPois  .         rCorr    .     (helmet currently unavailable)
rElec  .         rRot     .     p - melded +0 elf cloak
SustAb . .       Spirit   .     h - melded +2 pair of gloves {Dex+3}
rMut   .         Warding  .     D - melded +1 pair of boots of Chuurric {rN+ Str+3}
Saprov . . .     Stasis   .     e - amulet of clarity
MR     +....                    t - melded ring "Hilew" {rPois rN+ Dam-1 SInv}
                                H - melded ring of positive energy

@: pig-form, brilliant, agile, slowed, glowing, very slow, somewhat resistant to
hostile enchantments, unstealthy
A: (antennae 0), (icy blue scales 0), agile 1, breathe flames 1, (cold
resistance 0), conserve potions, demonic guardian 2, dopey 1, icemail
a: Bend Time, Temporal Distortion, Renounce Religion, Breathe Fire


You were on level 2 of the Swamp.
You worshipped Cheibriados.
Cheibriados was most pleased with you.
You were not hungry.
You were a filthy swine.
You visited 5 branches of the dungeon, and saw 29 of its levels.
You visited 1 bazaar.

You collected 2152 gold pieces.
You spent 622 gold pieces at shops.

Inventory:

Hand weapons
 v - a +1,+1 hand axe
 B - a +2,+1 hand axe of freezing
 I - a +1 blowgun
 L - a +3,+3 broad axe of chopping (melded)
Missiles
 E - 18 arrows
 K - 20 poisoned needles
Armour
 c - a +0 plate armour (melded)
 h - a +2 pair of gloves of dexterity (melded)
 p - a +0 elven cloak (melded)
 s - a +0 elven shield (melded)
 D - the +1 pair of boots of Chuurric (melded) {rN+ Str+3}
   (You acquired it on level 2 of the Lair of Beasts)

   It affects your strength (+3).
   It protects you from negative energy.
Magical devices
 m - a wand of polymorph (13)
 r - a wand of slowing (10)
 x - a wand of cold (0)
 y - a wand of disintegration (21)
 A - a wand of polymorph (14)
 C - a wand of disintegration (15)
 N - a wand of frost (0)
 Q - a wand of confusion (9)
Comestibles
 a - 5 meat rations
 d - 5 bread rations
 f - 8 strawberries
 J - 13 grapes
 M - 4 pears
Scrolls
 g - 4 scrolls of remove curse
 i - 4 scrolls of identify
 k - a scroll of magic mapping
 F - 2 scrolls of recharging
Jewellery
 e - an amulet of clarity (around neck)
 t - the ring "Hilew" (melded) {rPois rN+ Dam-1 SInv}
   (You found it on level 1 of the Lair of Beasts)

   [ring of poison resistance]

   It affects your damage-dealing abilities (-1).
   It protects you from negative energy.
   It enhances your eyesight.
 u - an uncursed ring of protection from magic
 H - a ring of positive energy (melded)
 O - a +6 ring of dexterity {unknown}
Potions
 j - a potion of berserk rage
 l - 3 potions of restore abilities
 z - a potion of agility


   Skills:
 + Level 10.2 Fighting
 * Level 15.0 Axes
 + Level 12.0 Armour
 + Level 6.0 Shields
 * Level 9.1 Invocations
 + Level 8.0 Evocations


You had 13 spell levels left.
You didn't know any spells.

Dungeon Overview and Level Annotations

Branches:
Dungeon (15/16)            Temple (1/1) D:7             Orc (4/4) D:9
    Elf (0/3) Orc:4          Lair (7/8) D:9           Swamp (2/5) Lair:4
  Slime (0/6) Lair:7
 Shoals: Lair:3-6     Snake: Lair:3-6    Spider: Lair:3-6    Vaults: D:14-15

Altars:
Ashenzari
Cheibriados
Elyvilon
Fedhas
Kikubaaqudgha
Makhleb
Nemelex Xobeh
Okawaru
Sif Muna
Vehumet
Xom
Yredelemnul
Zin
Jiyva

Shops:
D:4 ?   Orc:1 !(   Orc:4 (%(?

Annotations:
D:8 exclusion: oklob sapling, Maurice
D:10 Sonja
D:15 Nessos
Swamp:2 Kirke


Innate Abilities, Weirdness & Mutations

((You have a pair of antennae on your head.))*
((You are mostly covered in icy blue scales (AC +3, EV -1).))*
((Your flesh is cold resistant.))*
You are very good at protecting items from cold.
A demonic guardian rushes to your aid.
A meltable icy envelope protects you from harm and freezing vapours (AC +1).
You are agile. (Dex +2)
You can breathe flames.
You are dopey. (Int -2)


Message History

Kirke casts a spell.
The green very ugly thing claws your smoke demon!
The hog closely misses you.
Your smoke demon hits the hog!
Your smoke demon hits the hog.
Your smoke demon hits Kirke!
Your smoke demon hits Kirke.
Your smoke demon hits Kirke but does no damage.
Kirke is engulfed in a cloud of scalding steam.
Kirke hits you.
* * * LOW HITPOINT WARNING * * *
Unknown command.
The purple very ugly thing disappears in a puff of smoke!
The hog splashes around in the water.
The green very ugly thing claws your smoke demon!
Your smoke demon dies!
The hog misses you.
Your smoke demon gestures at Kirke.
Kirke is smitten.
Kirke is engulfed in a cloud of scalding steam.
Kirke hits you!
You die...

≈ ≈≈≈≈ ... ♣♣♣♣
.. ♣♣uu♣ ≈♣♣♣♣♣
♣@3≈♣♣≈§≈≈.≈♣
♣hh§.).....%. ...
♣♣♣u%≈≈≈≈≈..≈≈≈≈.
♣§§..≈≈≈≈≈≈≈≈≈≈.
♣.≈≈%.%≈≈≈≈≈≈≈≈.♣
♣...h≈≈(.≈...§..≈
♣♣.≈♣♣♣♣...♣♣...[
♣§♣♣ ......≈≈ ♣♣♣
..<..≈y@ ≈≈.....h


You could see Kirke, a green very ugly thing, 2 ugly things, a hog and a
friendly smoke demon.

Vanquished Creatures
  Rupert (Swamp:2)
  Donald (Orc:3)
  Jorgrun (Swamp:1)
  4 hydras
  3 alligators
  7 death yaks
  A centaur warrior (D:11)
  A very ugly thing (Swamp:2)
  3 orc high priests (Orc:4)
  A deep elf knight (Orc:4)
  2 hill giants
  A swamp dragon (Lair:4)
  5 orc knights (Orc:4)
  2 cyclopes (D:13)
  3 orc sorcerers (Orc:4)
  A sixfirhy (Swamp:2)
  10 spiny frogs
  Psyche (Orc:3)
  3 black mambas
  3 trolls
  4 komodo dragons
  Grinder (D:3)
  A blue devil (Orc:4)
  4 giant leeches
  19 blink frogs
  4 slime creatures (Swamp:2)
  A raven (Swamp:1)
  4 bog bodies
  A griffon zombie (D:13)
  5 ugly things
  17 yaks
  A baby alligator (Swamp:1)
  A shadow (D:14)
  A wraith (D:12)
  A hungry ghost (D:9)
  A vampire (D:13)
  A wyvern (D:13)
  A steam dragon (D:13)
  4 hogs (Swamp:2)
  4 hippogriffs
  2 manticores (D:13)
  16 swamp worms
  2 mottled dragons
  4 vampire mosquitoes (Swamp:1)
  7 porcupines
  3 swamp drakes
  A black bear (D:6)
  2 sky beasts
  22 orc warriors
  3 necrophages (Lair:2)
  3 phantoms
  2 giant goldfish
  A naga (Lair:4)
  9 ogres
  11 centaurs
  11 crocodiles
  A rotting devil (Orc:4)
  2 big kobolds (D:9)
  6 giant slugs
  4 water moccasins
  5 agate snails
  13 giant frogs
  18 insubstantial wisps (Swamp:1)
  An eye of draining (D:14)
  10 wights
  5 killer bees (D:9)
  2 yak skeletons (Orc:4)
  3 jellyfish (Swamp:2)
  An electric eel (Swamp:1)
  A goliath beetle (D:9)
  9 crimson imps
  A giant frog skeleton (D:10)
  2 iron imps
  16 orc priests
  A centaur zombie (D:10)
  2 jellies (D:11)
  9 hounds
  25 orc wizards
  5 scorpions
  2 big fish (Swamp:1)
  5 iguanas
  7 worker ants
  16 sheep
  An ogre zombie (D:9)
  A big kobold zombie (D:11)
  An ogre skeleton (D:8)
  A hound zombie (D:10)
  A basilisk simulacrum (D:10)
  A worker ant zombie (D:10)
  15 adders
  7 gnolls
  55 green rats
  5 giant centipedes
  A goliath beetle zombie (D:10)
  2 giant mites
  3 worms
  An ufetubus (Lair:6)
  4 wandering mushrooms
  4 giant eyeballs
  2 oozes (D:2)
  111 orcs
  2 ball pythons
  A gnoll skeleton (D:6)
  21 goblins
  13 hobgoblins
  13 jackals
  25 kobolds
  7 quokkas
  17 bats
  5 giant cockroaches
  7 giant geckos
  7 giant newts
  A giant newt skeleton (D:5)
  3 giant spores
  2 hobgoblin zombies
  4 orc zombies (Orc:4)
  A quokka zombie (D:8)
  19 rats
  10 rat skeletons (Orc:4)
  3 ballistomycetes
  9 fungi
787 creatures vanquished.

Vanquished Creatures (collateral kills)
  2 hydras
  Josephine (D:10)
  An alligator (Swamp:1)
  A centaur warrior (D:13)
  Erolcha (Orc:2)
  A red wasp (Swamp:1)
  3 slime creatures (Swamp:2)
  A spiny frog (Lair:1)
  A giant leech (Swamp:1)
  A baby alligator (Swamp:1)
  A troll (D:9)
  2 blink frogs
  A komodo dragon (Lair:1)
  A tarantella (shapeshifter) (D:13)
  A vampire mosquito (Swamp:2)
  A hog (Swamp:2)
  A wandering mushroom (D:8)
  2 yaks
  A porcupine (D:9)
  A necrophage (D:8)
  2 black bears
  2 ogres
  2 centaurs
  A crocodile (Lair:4)
  A giant frog (Lair:2)
  2 insubstantial wisps (Swamp:1)
  A wight (D:10)
  A hound (Lair:2)
  2 hound skeletons
  A gnoll (D:8)
  2 green rats (Lair:2)
  An adder (D:9)
  A worm (D:4)
  2 orcs
  A ballistomycete (D:13)
  A butterfly (Lair:1)
48 creatures vanquished.

Vanquished Creatures (others)
  A sun demon (Swamp:1)
  A soul eater (Swamp:1)
  An ice devil (Swamp:2)
  3 smoke demons
  Grum (D:12)
  3 wolves (D:12)
  A sky beast (D:8)
  A giant frog (D:9)
  10 crimson imps
  28 iron imps
  29 lemures
  26 white imps
  A worm (D:9)
  28 ufetubi
  A rat skeleton (Orc:4)
  A wandering mushroom (D:8)
  2 fungi (Swamp:2)
  2 plants
140 creatures vanquished.

Grand Total: 975 creatures vanquished

Notes
Turn   | Place    | Note
--------------------------------------------------------------
     0 | D:1      | Deemzul, the Demonspawn Fighter, began the quest for the Orb.
     0 | D:1      | Reached XP level 1. HP: 18/18 MP: 1/1
   358 | D:1      | Gained mutation: You have a pair of small antennae on your head. [demonic ancestry]
   358 | D:1      | Reached XP level 2. HP: 24/24 MP: 2/2
   971 | D:1      | Gained mutation: Your flesh is cold resistant. [demonic ancestry]
   971 | D:1      | Reached XP level 3. HP: 27/29 MP: 3/3
  1413 | D:2      | Gained mutation: You can breathe flames. [potion of mutation]
  1413 | D:2      | Gained mutation: You are dopey. (Int -2) [potion of mutation]
  1442 | D:2      | Gained mutation: A weak demonic guardian rushes to your aid. [demonic ancestry]
  1442 | D:2      | Reached XP level 4. HP: 25/35 MP: 4/4
  1449 | D:2      | Reached skill level 4 in Axes
  2061 | D:3      | Noticed Grinder
  2076 | D:3      | Killed Grinder
  2076 | D:3      | Reached skill level 5 in Axes
  2076 | D:3      | Gained mutation: You are very good at protecting items from cold. [demonic ancestry]
  2076 | D:3      | Reached XP level 5. HP: 32/42 MP: 5/5
  2076 | D:3      | Reached XP level 6. HP: 36/48 MP: 6/6
  2602 | D:4      | Paralysed by a giant eyeball for 3 turns
  2608 | D:4      | Paralysed by a giant eyeball for 3 turns
  2816 | D:4      | Paralysed by a giant eyeball for 4 turns
  2961 | D:4      | Found Taunoag's Magic Scroll Shoppe.
  3128 | D:4      | Bought a scroll of magic mapping for 35 gold pieces
  3128 | D:4      | Bought a scroll of immolation for 35 gold pieces
  3128 | D:4      | Bought a scroll of teleportation for 30 gold pieces
  3128 | D:4      | Bought a scroll of remove curse for 30 gold pieces
  3128 | D:4      | Bought 2 scrolls of identify for 40 gold pieces
  3190 | D:5      | Entered Level 5 of the Dungeon
  3201 | D:5      | Reached skill level 5 in Fighting
  3201 | D:5      | Reached XP level 7. HP: 47/56 MP: 7/7
  3269 | D:5      | Reached skill level 6 in Axes
  4558 | D:6      | Found a glowing silver altar of Zin.
  4559 | D:6      | Noticed an angel
  5000 | D:6      | Reached XP level 8. HP: 58/65 MP: 8/8
  5221 | D:6      | Reached skill level 7 in Axes
  5791 | D:7      | Found a staircase to the Ecumenical Temple.
  6681 | D:8      | Found a burning altar of Makhleb.
  6974 | D:8      | Reached skill level 8 in Axes
  7256 | D:8      | Noticed Maurice
  7533 | D:8      | Gained mutation: You have a pair of antennae on your head. [demonic ancestry]
  7533 | D:8      | Reached XP level 9. HP: 22/70 MP: 9/9
  7769 | D:8      | Noticed a wandering mushroom
  7769 | D:8      | Noticed a wandering mushroom
  7787 | D:8      | Killed a wandering mushroom
  7839 | D:8      | Killed a wandering mushroom
  7917 | D:8      | Noticed a wandering mushroom
  7918 | D:8      | Noticed a wandering mushroom
  7924 | D:8      | Found a blossoming altar of Fedhas.
  7990 | D:8      | Killed a wandering mushroom
  7990 | D:8      | Reached skill level 5 in Armour
  8035 | D:8      | Killed a wandering mushroom
  8583 | D:9      | Reached skill level 9 in Axes
  8680 | D:9      | Found a staircase to the Orcish Mines.
  8762 | D:9      | Paralysed by a potion of paralysis for 2 turns
  8948 | D:9      | Found a staircase to the Lair.
  9763 | D:10     | Entered Level 10 of the Dungeon
  9954 | D:10     | Reached XP level 10. HP: 67/77 MP: 10/10
  9976 | D:10     | Reached skill level 10 in Axes
  9979 | D:10     | Noticed Josephine
  9994 | D:10     | Killed Josephine
 10222 | D:10     | Noticed Sonja
 10233 | D:10     | Noticed a hill giant
 10506 | Lair:1   | Entered Level 1 of the Lair of Beasts
 10544 | Lair:1   | Found a white marble altar of Elyvilon.
 11634 | Lair:1   | Reached skill level 11 in Axes
 11895 | Lair:1   | Got a vibrating granite ring
 11903 | Lair:1   | Noticed a black mamba
 11911 | Lair:1   | Killed a black mamba
 12893 | Lair:2   | Gained mutation: A meltable icy envelope protects you from harm and freezing vapours (AC +1). [demonic ancestry]
 12893 | Lair:2   | Reached XP level 11. HP: 74/82 MP: 11/11
 13349 | Lair:2   | Noticed a black mamba
 13364 | Lair:2   | Killed a black mamba
 13364 | Lair:2   | Reached skill level 10 in Armour
 13635 | Lair:2   | Reached skill level 12 in Axes
 13782 | Lair:2   | Identified a scroll of acquirement
 13783 | Lair:2   | Got a pair of twisted boots
 13786 | Lair:2   | Identified the +1 pair of boots of Chuurric {rN+ Str+3} (You acquired it on level 2 of the Lair of Beasts)
 13948 | Lair:3   | Reached skill level 1 in Evocations
 14362 | Lair:4   | Noticed a swamp dragon
 14367 | Lair:4   | Found a staircase to the Swamp.
 14378 | Lair:4   | Killed a swamp dragon
 14534 | Lair:4   | HP: 4/82 [poisoned by a black mamba]
 14539 | Lair:4   | HP: 2/82 [poisoned by a black mamba]
 14989 | Lair:5   | Noticed a seven-headed hydra
 15007 | Lair:5   | Killed a seven-headed hydra
 15091 | Lair:5   | Noticed an eight-headed hydra
 15498 | D:9      | Killed a hill giant
 15537 | D:10     | Paralysed by a giant eyeball for 3 turns
 15543 | D:10     | Paralysed by a giant eyeball for 4 turns
 15591 | D:10     | Noticed a hill giant
 15600 | D:10     | Killed a hill giant
 15600 | D:10     | Gained mutation: You are partially covered in icy blue scales (AC +1). [demonic ancestry]
 15600 | D:10     | Reached XP level 12. HP: 83/90 MP: 18/18
 16102 | D:11     | Identified the ring "Hilew" {rPois rN+ Dam-1 SInv} (You found it on level 1 of the Lair of Beasts)
 16131 | D:11     | Found a shimmering altar of Xom.
 16751 | D:11     | Reached skill level 13 in Axes
 16832 | D:11     | Paralysed by a giant eyeball for 3 turns
 16839 | D:11     | Paralysed by a giant eyeball for 4 turns
 17018 | D:12     | Killed Grum
 17978 | D:13     | Reached skill level 5 in Evocations
 18018 | D:13     | Noticed a six-headed hydra
 18416 | D:14     | Found a flickering gateway to a bazaar.
 18438 | Bazaar   | Entered a bazaar
 18439 | Bazaar   | Found Miyhoocs' Antique Weapon Shop.
 18451 | Bazaar   | Found Haegeal's Armour Shoppe.
 18456 | Bazaar   | Found Yfaolah's Food Emporium.
 18492 | Bazaar   | Found Twatt's Magical Wand Shop.
 18531 | Bazaar   | Bought a +2 pair of gloves of dexterity for 381 gold pieces
 19083 | D:15     | Entered Level 15 of the Dungeon
 19083 | D:15     | Noticed Nessos
 19405 | Temple   | Entered the Ecumenical Temple
 19496 | Temple   | Became a worshipper of Cheibriados the Contemplative
 19639 | Orc:1    | Entered Level 1 of the Orcish Mines
 19804 | Orc:1    | Found Tweavaim's Weapon Shop.
 20007 | Orc:1    | Found Prulate's Distillery.
 20452 | Orc:2    | Noticed Erolcha
 20458 | Orc:2    | Killed Erolcha
 20618 | Orc:3    | Noticed Psyche
 20633 | Orc:3    | Killed Psyche
 20805 | Orc:3    | Reached skill level 1 in Invocations
 20805 | Orc:3    | Acquired Cheibriados' first power
 20913 | Orc:3    | Noticed Donald
 20941 | Orc:3    | Killed Donald
 20941 | Orc:3    | Gained mutation: You are mostly covered in icy blue scales (AC +3, EV -1). [demonic ancestry]
 20941 | Orc:3    | Reached XP level 13. HP: 85/99 MP: 22/22
 21179 | Orc:4    | Entered Level 4 of the Orcish Mines
 21179 | Orc:4    | Found a staircase to the Elven Halls.
 21362 | Orc:4    | Acquired Cheibriados' second power
 21942 | Orc:4    | Reached skill level 14 in Axes
 21942 | Orc:4    | Acquired Cheibriados' third power
 22219 | Orc:4    | Reached skill level 5 in Invocations
 22473 | Orc:4    | Found Gyteyl's Weapon Boutique.
 22474 | Orc:4    | Found Tousych's Magic Scroll Emporium.
 22475 | Orc:4    | Found Crumybripo's Weapon Boutique.
 22476 | Orc:4    | Found Irome's Food Emporium.
 22487 | Orc:4    | Bought a scroll of enchant weapon II for 71 gold pieces
 22925 | Lair:5   | Killed an eight-headed hydra
 23571 | Lair:6   | Reached skill level 5 in Shields
 24248 | Lair:7   | Found a viscous altar of Jiyva.
 24249 | Lair:7   | Found a staircase to the Slime Pits.
 24635 | Swamp:1  | Entered Level 1 of the Swamp
 24883 | Swamp:1  | Gained mutation: A demonic guardian rushes to your aid. [demonic ancestry]
 24883 | Swamp:1  | Reached XP level 14. HP: 107/107 MP: 25/25
 25683 | Swamp:1  | Reached skill level 10 in Fighting
 26335 | Swamp:2  | Noticed Rupert
 26335 | Swamp:2  | Noticed Jorgrun
 26537 | Swamp:1  | Killed Jorgrun
 26750 | Swamp:2  | Killed Rupert
 27168 | Swamp:2  | Reached skill level 15 in Axes
 27453 | Swamp:2  | Noticed Kirke
 27487 | Swamp:2  | Gained mutation: You are agile. (Dex +2) [potion of beneficial mutation]
 27502 | Swamp:2  | HP: 5/108 [vampire mosquito (6)]
 27521 | Swamp:2  | HP: 3/108 [Kirke (3)]
 27522 | Swamp:2  | Slain by Kirke

Action                   |  1- 3 |  4- 6 |  7- 9 | 10-12 | 13-15 || total
-------------------------+-------+-------+-------+-------+-------++-------
Melee: Hand axe          |   203 |   165 |   604 |   546 |       ||  1518
       Broad axe         |       |       |       |   694 |   603 ||  1297
       Unarmed           |       |       |       |       |    17 ||    17
 Fire: Blowgun           |       |       |    16 |       |       ||    16
Invok: Slouch            |       |       |       |       |    15 ||    15
       Temporal Distorti |       |       |       |       |     2 ||     2
 Abil: Breathe Fire      |     1 |     8 |    25 |    56 |    16 ||   106
Evoke: Wand              |       |     2 |     2 |    11 |    12 ||    27
  Use: Potion            |     3 |     6 |     7 |    10 |    11 ||    37
       Scroll            |       |     4 |    12 |    20 |     9 ||    45
 Stab: Distracted        |       |     1 |       |     5 |     4 ||    10
       Invisible         |       |       |       |     2 |       ||     2
